cohdb
Replays
Latest Replays
All Replays
Popular Replays
Top Player Replays
Match Explorer
How It Works
Community
CoH3 Stats
Reddit
Sign in to upload your games and track your stats! →
Sign in with Steam
Match 45038916
Unlisted
Match 45038916
Overview
Messages
Build Orders
End
Scout Squad
Construct Barracks
Riflemen Squad
Riflemen Squad
Grenade Package
Riflemen Squad
Construct Medical Station
M1 Mortar Team
Selects Airborne Battlegroup
Selects Smoke Bombing Run
Infantry Support Center
M1918 Browning Automatic Rifles
Selects Paradrop Reinforcements
Construct Motor Pool
Munitions Surplus
M1 Anti-tank Gun Team
Riflemen Squad
M8 Greyhound Armored Car
Engineer Squad
Selects Dual P-47 Rocket Strike
Captain Retinue
Selects Heavy Machine Gun Paradrop
Selects Paratrooper Squad Paradrop
Selects Anti-tank Gun Team Paradrop
Survival Training
M1 Anti-tank Gun Team
M8 Greyhound Armored Car
Engineer Squad
Advanced Logistics
Construct Tank Depot
M18 Hellcat Tank Destroyer
Riflemen Squad
Riflemen Squad
Dual P-47 Rocket Strike
Smoke Bombing Run
Riflemen Squad
Riflemen Squad
hoshot
헤네시스택시기사
Ra11
Stormless
0
0
Comments
sign in to comment!
No comments posted yet!